[Event "Early-Titled-Tuesday-Blitz-September-12-2023"]
[Site "Chess.com"]
[Date "2023.09.12"]
[Round "6"]
[White "ItsCheckM8Mate"]
[Black "LamaChampetre"]
[Result "1-0"]
[WhiteElo "2389"]
[BlackElo "2256"]
[TimeControl "180+1"]
[EndTime "9:03:17 PDT"]
[Termination "ItsCheckM8Mate won by resignation"]

1. d4 Nf6 2. Nc3 d5 3. Bf4 g6 4. Qd2 Bg7 5. h4 Ne4 6. Nxe4 dxe4 7. O-O-O c6 8. h5 Be6 9. Kb1 Qd5 10. b3 gxh5 11.
e3 b5 12. f3 exf3 13. gxf3 a5 14. e4 Qd8 15. Rxh5 Nd7 16. d5 Nf6 17. Rg5 cxd5 18. Rxg7 dxe4 19. Bxb5+ Kf8 20. Bh6 Qxd2 21. Rxd2 Ng8 22. Rxg8+ Kxg8 23. Rg2+ 1-0

[Event "Early-Titled-Tuesday-Blitz-September-12-2023"]
[Site "Chess.com"]
[Date "2023.09.12"]
[Round "6"]
[White "inagreV"]
[Black "Zarinur"]
[Result "0-1"]
[WhiteElo "2262"]
[BlackElo "2499"]
[TimeControl "180+1"]
[EndTime "9:03:25 PDT"]
[Termination "Zarinur won by resignation"]

1. e4 e5 2. Nf3 Nc6 3. Bb5 a6 4.
Ba4 d6 5. O-O Bd7 6. c3 g6 7. d4 Bg7 8. Re1 Nge7 9. h3 O-O 10. dxe5 Nxe5 11. Nxe5 Bxe5 12. Bh6 Re8 13. Nd2 Bxa4 14. Qxa4 Nc6 15. Rad1 Bg7 16. Be3 Ne5 17. Qc2 Qd7 18. f4 Nc6 19. Nf3 Qe6 20. Bf2 Qxa2 21. Rd5 a5 22. Bh4 a4 23. Rb5 Qc4 24. Rd5 Nb4 0-1

[Event "Early-Titled-Tuesday-Blitz-September-12-2023"]
[Site "Chess.com"]
[Date "2023.09.12"]
[Round "6"]
[White "Zkid"]
[Black "Frolyanov_D"]
[Result "0-1"]
[WhiteElo "2885"]
[BlackElo "2669"]
[TimeControl "180+1"]
[EndTime "9:03:26 PDT"]
[Termination "Frolyanov_D won by resignation"]

1. e4 e5 2. Nf3 Nf6 3. d4 Nxe4 4. dxe5 d5 5. Nbd2 Nxd2 6. Bxd2 Be7 7. Bd3 c5 8. c3 Nc6 9. O-O Be6 10. Qc2 Qd7 11. Rfe1 h6 12. Rad1 g5 13. Bc1 g4 14. Nd2 h5 15.
Nf1 O-O-O 16. Bf4 h4 17. b4 h3 18. g3 cxb4 19. cxb4 Kb8 20. a3 Nd4 21. Qb2 Nf3+ 22.
Kh1 Nxe1 23. Rxe1 Ka8 24. Nd2 Rc8 25. Nb3 d4 26. Nxd4 Rhd8 27. Nxe6 Qxd3 0-1

[Event "Early-Titled-Tuesday-Blitz-September-12-2023"]
[Site "Chess.com"]
[Date "2023.09.12"]
[Round "6"]
[White "LoaySameer"]
[Black "AniJak"]
[Result "1-0"]
[WhiteElo "2526"]
[BlackElo "2389"]
[TimeControl "180+1"]
[EndTime "9:03:26 PDT"]
[Termination "LoaySameer won by resignation"]

1. Nf3 d5 2. g3 Nf6 3. Bg2 c6 4. O-O Bf5 5. d3 h6 6. Nbd2 e6 7. b3 Bh7 8. Bb2 Be7 9. e4 O-O 10. Qe2 Nbd7 11. Ne5 Nxe5 12. Bxe5 a5 13. a3 d4 14.
Bxf6 Bxf6 15. f4 Be7 16. Kh1 b5 17. f5 exf5 18. exf5 Re8 19. Bxc6 Rc8 20. Bxe8 Qxe8 21. Ne4 Qd7 22. g4 h5 23. h3 hxg4 24. hxg4 Qd5 25. a4 b4 26. Rae1 f6 27. Kg2 Kf7 28. Rf2 Bg8 29. Qf3 Kf8 30. Rh1 Qc6 31. Rh8 g6 32.
fxg6 1-0

[Event "Early-Titled-Tuesday-Blitz-September-12-2023"]
[Site "Chess.com"]
[Date "2023.09.12"]
[Round "6"]
[White "Jospem"]
[Black "kacprekt"]
[Result "1-0"]
[WhiteElo "3097"]
[BlackElo "2468"]
[TimeControl "180+1"]
[EndTime "9:03:31 PDT"]
[Termination "Jospem won by resignation"]

1. e4 e6 2. d4 d5 3. Nd2 Ne7 4.
Ngf3 Nd7 5. c3 c5 6. Bd3 cxd4 7. cxd4 dxe4 8. Nxe4 Nd5 9. O-O Be7 10. Nc3 Nxc3 11.
bxc3 O-O 12. Qe2 Nf6 13. Ne5 Bd7 14. Qf3 Qc8 15. Qh3 Bc6 16. Bg5 h6 17. Bxh6 gxh6 18.
Rae1 Kg7 19. f4 Rh8 20. f5 Bd5 21. c4 Qd8 22. cxd5 Qxd5 23. fxe6 Qxd4+ 24. Kh1 Bb4 25.
Qg3+ Kf8 26. Rxf6 Bxe1 27. Rxf7+ Ke8 28. Qxe1 a6 29. Bg6 1-0

[Event "Early-Titled-Tuesday-Blitz-September-12-2023"]
[Site "Chess.com"]
[Date "2023.09.12"]
[Round "6"]
[White "jeetjain"]
[Black "kleinebeer98"]
[Result "1/2-1/2"]
[WhiteElo "2593"]
[BlackElo "2825"]
[TimeControl "180+1"]
[EndTime "9:03:31 PDT"]
[Termination "Game drawn by stalemate"]

1. Nf3 Nf6 2. b3 a5 3. a3 a4 4. b4 h5 5. c4 h4 6. Bb2 h3 7. g3 c6 8. Nc3 d5 9. e3 dxc4 10.
Bxc4 b5 11. Be2 Bg4 12. Ne5 Bxe2 13. Qxe2 e6 14. O-O Bd6 15. f4 Bxe5 16. fxe5 Nd5 17. Ne4 O-O 18. Qg4 Nd7 19. Nf6+ N5xf6 20. exf6 g6 21.
Qxh3 e5 22. Bxe5 Nxe5 23. Qh6 Qxf6 24. Rxf6 Rad8 25. d4 Ng4 26. Rxg6+ fxg6 27. Qxg6+ Kh8 28. Qxg4 c5 29. bxc5 Rde8 30. Rf1 b4 31. axb4 a3 32. Qh5+ Kg7 33. Qg5+ Kh7 34. Rxf8 Rxf8 35. Qe7+ Kg8 36.
Qa7 a2 37. Qxa2+ Rf7 38. b5 Kg7 39. Qxf7+ Kh8 40. b6 1/2-1/2

[Event "Early-Titled-Tuesday-Blitz-September-12-2023"]
[Site "Chess.com"]
[Date "2023.09.12"]
[Round "6"]
[White "tteshan"]
[Black "Iball95"]
[Result "0-1"]
[WhiteElo "2559"]
[BlackElo "2782"]
[TimeControl "180+1"]
[EndTime "9:03:32 PDT"]
[Termination "Iball95 won by resignation"]

1. d4 d5 2. c4 e6 3. Nc3 c5 4.
cxd5 cxd4 5. Qa4+ Bd7 6. Qxd4 exd5 7. Qxd5 Nf6 8. Qxb7 Nc6 9. Qb3 Bb4 10. e3 O-O 11.
Nf3 Ne4 12. Be2 Qa5 13. O-O Nxc3 14. bxc3 Bxc3 15. Rb1 Bf5 16. Bb2 Bxb2 17. Rxb2 Rab8 18. Bb5 a6 19. Qd5 Rxb5 0-1

[Event "Early-Titled-Tuesday-Blitz-September-12-2023"]
[Site "Chess.com"]
[Date "2023.09.12"]
[Round "6"]
[White "TatjanaVasilevich"]
[Black "dzilleruelo"]
[Result "1-0"]
[WhiteElo "2560"]
[BlackElo "2331"]
[TimeControl "180+1"]
[EndTime "9:03:36 PDT"]
[Termination "TatjanaVasilevich won by resignation"]

1. e4 c6 2. d4 d5 3. e5 c5 4. dxc5 e6 5. b4 a5 6. c3 Nc6 7. Bb5 Bd7 8. Bxc6 Bxc6 9. Nf3 Ne7 10. a4 Ng6 11. Be3 Qc7 12. Qd4 Be7 13. h4 h5 14.
Bg5 axb4 15. cxb4 Rxa4 16. Rxa4 Bxa4 17. Nc3 Bc6 18. O-O O-O 19. Bxe7 Nxe7 20. Ra1 Nf5 21. Qf4 b6 22. b5 Bxb5 23. Nxb5 Qxc5 24. Nd6 Nxd6 25.
exd6 b5 26. d7 Rd8 27. Ng5 Qe7 28. Qc7 f6 29. Qc8 Qxd7 30. Qxd7 Rxd7 31. Ra8+ 1-0

[Event "Early-Titled-Tuesday-Blitz-September-12-2023"]
[Site "Chess.com"]
[Date "2023.09.12"]
[Round "6"]
[White "sergeikim"]
[Black "wild3000"]
[Result "0-1"]
[WhiteElo "2558"]
[BlackElo "2437"]
[TimeControl "180+1"]
[EndTime "9:03:36 PDT"]
[Termination "wild3000 won by resignation"]

1. d4 Nf6 2. c4 e6 3. Nc3 d5 4. Nf3 Be7 5. Bf4 O-O 6. e3 a6 7.
c5 b6 8. b4 Nc6 9. a3 Ne4 10. Rc1 bxc5 11. bxc5 Nxc3 12. Rxc3 Rb8 13. Bd3 f5 14. h4 Bf6 15. O-O Re8 16. h5 e5 17. dxe5 Nxe5 18. Nxe5 Bxe5 19. Bxe5 Rxe5 20. Qf3 Qh4 21. c6 f4 22. exf4 Rxh5 0-1

[Event "Early-Titled-Tuesday-Blitz-September-12-2023"]
[Site "Chess.com"]
[Date "2023.09.12"]
[Round "6"]
[White "MartinMatthiesen"]
[Black "Masterbeaterr"]
[Result "0-1"]
[WhiteElo "2506"]
[BlackElo "2407"]
[TimeControl "180+1"]
[EndTime "9:03:38 PDT"]
[Termination "Masterbeaterr won by resignation"]

1. d4 d5 2. c4 dxc4 3. Nf3 Nf6 4. e3 e6 5. Bxc4 c5 6. O-O Nc6 7. Qe2 cxd4 8. Rd1 Be7 9. exd4 O-O 10. Nc3 Na5 11.
Bd3 b6 12. Bg5 Bb7 13. Ne5 Nd5 14. Qh5 f5 15. Bxe7 Qxe7 16. Re1 Nf4 17. Qd1 Nxg2 18. Qd2 Rad8 19. Ba6 Nxe1 20. Bxb7 Qxb7 21. Rxe1 Nc6 22. Nf3 Rf6 23. Qf4 Rg6+ 24. Kf1 Qa6+ 25. Re2 Qd3 26. h3 Nxd4 27. Ne5 Qxh3+ 28. Ke1 Qh1+ 0-1

[Event "Early-Titled-Tuesday-Blitz-September-12-2023"]
[Site "Chess.com"]
[Date "2023.09.12"]
[Round "6"]
[White "Witik"]
[Black "santosalberto1987"]
[Result "1-0"]
[WhiteElo "2741"]
[BlackElo "2545"]
[TimeControl "180+1"]
[EndTime "9:03:39 PDT"]
[Termination "Witik won by resignation"]

1. d4 d5 2. Bf4 Nf6 3. e3 c5 4. c3 Nc6 5. Nd2 Qb6 6. Qb3 c4 7.
Qc2 Bg4 8. b3 cxb3 9. axb3 e6 10. Bd3 Rc8 11. Qb1 Be7 12. Ngf3 Bh5 13. O-O Bg6 14.
c4 dxc4 15. bxc4 Qxb1 16. Bxb1 O-O 17. h3 Rfd8 18. Bxg6 hxg6 19. Rfb1 b6 20. Ne5 Nxe5 21. Bxe5 Rd7 22. Ra4 Ne8 23. Kf1 Bd6 24. Nf3 Rdc7 25. Rba1 a5 26. Rb1 Rxc4 27. Rxc4 Rxc4 28. Rxb6 Bxe5 29.
Nxe5 g5 30. Nxc4 1-0

[Event "Early-Titled-Tuesday-Blitz-September-12-2023"]
[Site "Chess.com"]
[Date "2023.09.12"]
[Round "6"]
[White "DavidLana1987"]
[Black "RCone"]
[Result "0-1"]
[WhiteElo "2570"]
[BlackElo "2355"]
[TimeControl "180+1"]
[EndTime "9:03:41 PDT"]
[Termination "RCone won on time"]

1. e4 d6 2. Nf3 Nf6 3. Nc3 g6 4. Bc4 Bg7 5. O-O e5 6. d4 Nbd7 7. Bg5 h6 8. Bh4 c6 9. a4 a5 10. Ba2 O-O 11. Re1 Qe7 12. Qd3 g5 13. Bg3 Nh5 14. dxe5 dxe5 15. Rad1 Qb4 16. Bb3 Nf4 17. Bxf4 exf4 18. e5 Nc5 19. Qc4 Nxb3 0-1

[Event "Early-Titled-Tuesday-Blitz-September-12-2023"]
[Site "Chess.com"]
[Date "2023.09.12"]
[Round "6"]
[White "MKlose11"]
[Black "Sleepless_Knightmare"]
[Result "1-0"]
[WhiteElo "2625"]
[BlackElo "2428"]
[TimeControl "180+1"]
[EndTime "9:03:42 PDT"]
[Termination "MKlose11 won by resignation"]

1. e4 c5 2. Nc3 a6 3. g3 b5 4. Bg2 Bb7 5. d3 e6 6. Nh3 Nf6 7. O-O d5 8. e5 Nfd7 9. f4 Qb6 10. f5 b4 11. Ne2 Nxe5 12. fxe6 fxe6 13. Nef4 Be7 14. Qh5+ Nf7 15. Qxf7+ Kxf7 16. Nxd5+ Bf6 17. Nxb6 Bxg2 18. Kxg2 Ra7 19. Ng5+ Kg6 20. Nxe6 Nd7 21. Nxd7 Rxd7 22. Nxc5 Rc7 23. Be3 Bxb2 24. Rab1 Bc3 25. Rf2 a5 26. Ne4 Be5 27. h4 h6 28. Bb6 Rc6 29. Bxa5 Ra8 30. Bxb4 Rxa2 31. c3 Rxf2+ 32. Kxf2 Kf5 33. Ke3 Kg4 34. d4 Bc7 35. d5 Rg6 36.
d6 Bb6+ 37. Kd3 Re6 38. Re1 Kh5 39. c4 g5 40. hxg5 hxg5 41. c5 Bd8 42. c6 Kg6 43. c7 Bxc7 44. dxc7 Rc6 45. Bd6 Kf5 46. Rf1+ Ke6 47.
Rf8 Kd7 48. c8=Q+ Rxc8 49. Rxc8 Kxc8 50. Nxg5 Kd7 51. Bf4 1-0

[Event "Early-Titled-Tuesday-Blitz-September-12-2023"]
[Site "Chess.com"]
[Date "2023.09.12"]
[Round "6"]
[White "OPQRC"]
[Black "schack_vit"]
[Result "0-1"]
[WhiteElo "2579"]
[BlackElo "2441"]
[TimeControl "180+1"]
[EndTime "9:03:43 PDT"]
[Termination "schack_vit won by resignation"]

1. e4 c5 2. Nf3 d6 3. b3 Nf6 4. Qe2 Nc6 5. Bb2 e5 6. c3 Be7 7. g3 O-O 8. Bg2 Bg4 9. h3 Bh5 10.
O-O a5 11. a4 Qb6 12. Na3 Qxb3 13. Nc4 Qc2 14. Rfe1 Rfe8 15. g4 Bg6 16. Nh4 Bxe4 17. Bxe4 Qxe4 18. Qf1 Qf4 19. Nf5 e4 20. Rab1 d5 21.
Nce3 Ne5 22. Ng2 Nf3+ 0-1

[Event "Early-Titled-Tuesday-Blitz-September-12-2023"]
[Site "Chess.com"]
[Date "2023.09.12"]
[Round "6"]
[White "bescmelasti"]
[Black "MasterKroket"]
[Result "1-0"]
[WhiteElo "2624"]
[BlackElo "2418"]
[TimeControl "180+1"]
[EndTime "9:03:47 PDT"]
[Termination "bescmelasti won by resignation"]

1. e4 e5 2. Nf3 Nc6 3. Bc4 Bc5 4. d3 Nf6 5. O-O a6 6. a4 d6 7. c3 Be6 8. Bxe6 fxe6 9. b4 Bb6 10. Nbd2 O-O 11.
Ra2 Qe8 12. Nc4 Ba7 13. b5 Ne7 14. Qb3 axb5 15. axb5 Ng6 16. b6 Bxb6 17. Rxa8 Qxa8 18. Nxb6 cxb6 19. Qxe6+ Kh8 20. Qxd6 Qd8 21. Ba3 Qxd6 22. Bxd6 Rd8 23. Nxe5 Nxe5 24. Bxe5 Rxd3 25. f3 Nd7 26. Bd4 h5 27. Rb1 h4 28. Rb5 Kg8 29. Rh5 Kf7 30. Rxh4 Nc5 31. Rf4+ Ke6 32. Bxg7 Rd1+ 33. Kf2 Nd3+ 34.
Ke2 Nxf4+ 35. Kxd1 Nh5 36. Bd4 1-0

[Event "Early-Titled-Tuesday-Blitz-September-12-2023"]
[Site "Chess.com"]
[Date "2023.09.12"]
[Round "6"]
[White "ShiroglanTalibov"]
[Black "nihalsarin"]
[Result "0-1"]
[WhiteElo "2849"]
[BlackElo "3113"]
[TimeControl "180+1"]
[EndTime "9:03:50 PDT"]
[Termination "nihalsarin won by resignation"]

1. e4 a6 2. h4 c6 3. h5 h6 4.
d4 d5 5. e5 Bf5 6. Bd3 Bxd3 7.
Qxd3 e6 8. Ne2 c5 9. c3 Nc6 10. Be3 Nge7 11. g4 cxd4 12. cxd4 Nc8 13. Nbc3 Be7 14. O-O Nb6 15. b3 O-O 16. Kg2 Rc8 17. a3 Na5 18. Nb1 Qc7 19. Rc1 Qd7 20. Rd1 Qb5 21. Qxb5 axb5 22. b4 Nac4 23. Nbc3 Nxe3+ 24. fxe3 Nc4 25. Rd3 Ra8 26. Nxb5 Bxb4 27. Rb1 Be7 28. Rbb3 Bg5 29. Nd6 Nxd6 30. exd6 Rfd8 31. Rxb7 Rxd6 32. Rbb3 Rda6 33. Kf3 Be7 34. Nf4 Bxa3 35. Rdc3 Bd6 36. Nd3 Ra1 37. Rc6 Be7 38. Rb7 Bg5 39. Rcc7 R8a3 40.
Rxf7 Rxd3 41. Rxg7+ Kf8 42. Rgf7+ Ke8 43. Rh7 Rxe3+ 44.
Kf2 Ra2+ 45. Kf1 Rf3+ 46. Ke1 Bh4+ 0-1

[Event "Early-Titled-Tuesday-Blitz-September-12-2023"]
[Site "Chess.com"]
[Date "2023.09.12"]
[Round "6"]
[White "hongnhung1234"]
[Black "Nekoo04"]
[Result "1-0"]
[WhiteElo "2501"]
[BlackElo "2289"]
[TimeControl "180+1"]
[EndTime "9:03:51 PDT"]
[Termination "hongnhung1234 won on time"]

1. e4 c5 2. Nc3 Nc6 3. f4 e6 4.
Nf3 d5 5. Bb5 Nf6 6. d3 Be7 7.
Ne5 Bd7 8. Bxc6 Bxc6 9. O-O Qc7 10. Qe2 d4 11. Nd1 Nd7 12. Qg4 Nxe5 13. fxe5 Qxe5 14. Bf4 1-0

[Event "Early-Titled-Tuesday-Blitz-September-12-2023"]
[Site "Chess.com"]
[Date "2023.09.12"]
[Round "6"]
[White "schackspelaren"]
[Black "ChainedDowntohell"]
[Result "0-1"]
[WhiteElo "2285"]
[BlackElo "2499"]
[TimeControl "180+1"]
[EndTime "9:03:54 PDT"]
[Termination "ChainedDowntohell won by resignation"]

1. e4 c5 2. Nf3 d6 3. d4 cxd4 4. Nxd4 Nf6 5. Nc3 a6 6. Be3 e6 7.
f4 Be7 8. Be2 O-O 9. O-O Bd7 10.
a4 Nc6 11. Nb3 Qc7 12. Bf3 Rac8 13. g4 Na5 14. Nxa5 Qxa5 15. g5 Ne8 16. Kh1 Qb4 17.
Bd4 f6 18. gxf6 Nxf6 19. e5 dxe5 20. fxe5 Ng4 21. Qd2 Rxf3 22. Rxf3 Bc6 23. Rf1 Rd8 24. Ne2 Qxd2 0-1

[Event "Early-Titled-Tuesday-Blitz-September-12-2023"]
[Site "Chess.com"]
[Date "2023.09.12"]
[Round "6"]
[White "Egor_Koshulyan"]
[Black "jaskol95"]
[Result "1-0"]
[WhiteElo "2740"]
[BlackElo "2547"]
[TimeControl "180+1"]
[EndTime "9:03:58 PDT"]
[Termination "Egor_Koshulyan won by checkmate"]

1. e4 d5 2. exd5 Nf6 3. d4 Bg4 4. Be2 Bxe2 5. Qxe2 Qxd5 6. Nf3 Nc6 7. c4 Qf5 8. O-O O-O-O 9. d5 Nb4 10. Nc3 Qd3 11. Ne5 Qxe2 12. Nxe2 Re8 13. Nxf7 Rg8 14.
Nd4 e5 15. Ne6 Bd6 16. Be3 Nc2 17. Rac1 Nxe3 18. fxe3 b6 19. Nxg7 Rxg7 20. Nxd6+ cxd6 21. Rxf6 Kd7 22. Rcf1 Ree7 23. Rf8 Rg4 24. b3 Re4 25. Ra8 Rxe3 26. Rxa7+ Ke8 27. Ra8+ Kd7 28. Rff8 e4 29. Ra7# 1-0

[Event "Early-Titled-Tuesday-Blitz-September-12-2023"]
[Site "Chess.com"]
[Date "2023.09.12"]
[Round "6"]
[White "WindWhistler11"]
[Black "FMStan15"]
[Result "1-0"]
[WhiteElo "2481"]
[BlackElo "2080"]
[TimeControl "180+1"]
[EndTime "9:03:58 PDT"]
[Termination "WindWhistler11 won by resignation"]

1. Nf3 Nf6 2. g3 g6 3. Bg2 d6 4. b3 e5 5. Bb2 Bg7 6. d4 e4 7.
Nfd2 e3 8. fxe3 Ng4 9. Nc4 d5 10. h3 dxc4 11. hxg4 Qd6 12. Kf2 cxb3 13. axb3 c6 14.
Nd2 Bxg4 15. Ne4 Qe6 16. d5 Qf5+ 17. Kg1 O-O 18. Bxg7 Kxg7 19. Qd4+ f6 20. Rf1 Qxd5 21. Rxh7+ Kg8 22. Nxf6+ Rxf6 23. Bxd5+ Kxh7 24. Qxf6 cxd5 25. Qh4+ Kg7 26. Qxg4 Nc6 27. Qd7+ Kh6 28. Qxb7 1-0

[Event "Early-Titled-Tuesday-Blitz-September-12-2023"]
[Site "Chess.com"]
[Date "2023.09.12"]
[Round "6"]
[White "Arek_pacitan"]
[Black "Mr_Lion22"]
[Result "1-0"]
[WhiteElo "2604"]
[BlackElo "2428"]
[TimeControl "180+1"]
[EndTime "9:04:06 PDT"]
[Termination "Arek_pacitan won by checkmate"]

1. e4 c5 2. Nf3 d6 3. d4 cxd4 4. Nxd4 Nf6 5. Nc3 a6 6. Bg5 e6 7. f4 Be7 8. Qf3 h6 9. Bxf6 Bxf6 10. O-O-O Nd7 11. g4 Qb6 12. Nb3 Qc7 13. h4 Bxc3 14.
bxc3 b5 15. g5 Bb7 16. g6 O-O-O 17. gxf7 Nf6 18. Bh3 Qxf7 19. Rhe1 Kb8 20. Na5 Rhe8 21. Kb2 d5 22. e5 Ne4 23. Bg2 Rc8 24. Re3 Nc5 25. f5 Na4+ 26. Ka1 d4 27. Nxb7 Qxb7 28. Qxb7# 1-0

[Event "Early-Titled-Tuesday-Blitz-September-12-2023"]
[Site "Chess.com"]
[Date "2023.09.12"]
[Round "6"]
[White "Duhless"]
[Black "mitrabhaa"]
[Result "1-0"]
[WhiteElo "2985"]
[BlackElo "2865"]
[TimeControl "180+1"]
[EndTime "9:04:08 PDT"]
[Termination "Duhless won by resignation"]

1. d4 Nf6 2. Nf3 e6 3. c4 Bb4+ 4. Bd2 c5 5. g3 b6 6. Bg2 Bb7 7. O-O O-O 8. d5 Bxd2 9. Nfxd2 exd5 10. Nc3 Qc8 11. cxd5 Na6 12. e4 d6 13. Nc4 Ne8 14. Re1 Qd8 15. Qd2 Nac7 16. Rad1 Ba6 17. Ne3 b5 18. e5 b4 19. Ne4 Nb5 20. exd6 Rc8 21. Nf5 Kh8 22. Qf4 g6 23. Ne7 Rb8 24. Nc6 1-0

[Event "Early-Titled-Tuesday-Blitz-September-12-2023"]
[Site "Chess.com"]
[Date "2023.09.12"]
[Round "6"]
[White "Casper"]
[Black "Forge13"]
[Result "0-1"]
[WhiteElo "2436"]
[BlackElo "2624"]
[TimeControl "180+1"]
[EndTime "9:04:09 PDT"]
[Termination "Forge13 won on time"]

1. e4 e6 2. d4 d5 3. Bd3 dxe4 4. Bxe4 Nf6 5. Bf3 c5 6. Ne2 e5 7. dxe5 Qxd1+ 8. Kxd1 Ng4 9. Bxg4 Bxg4 10. f3 Bf5 11.
Ng3 Bg6 12. f4 h5 13. f5 Bh7 14. h4 Nc6 15. Bf4 O-O-O+ 16. Nd2 Nd4 17. Rf1 Nxf5 18. Nxf5 Bxf5 19. Bg5 Bg4+ 20. Kc1 Re8 21. Rxf7 Rxe5 22. b3 Re2 23. Nc4 b5 24. Na5 c4 25. Kb2 Bb4 26. Nc6 c3+ 27. Kb1 Re1+ 28. Bc1 Ba3 29. Nxa7+ Kd8 30. Nc6+ Ke8 31. Re7+ Bxe7 0-1

[Event "Early-Titled-Tuesday-Blitz-September-12-2023"]
[Site "Chess.com"]
[Date "2023.09.12"]
[Round "6"]
[White "MANOJ_MISHRA123"]
[Black "Gazaman_Empire"]
[Result "1-0"]
[WhiteElo "2215"]
[BlackElo "1996"]
[TimeControl "180+1"]
[EndTime "9:04:14 PDT"]
[Termination "MANOJ_MISHRA123 won on time"]

1. d4 Nf6 2. Bf4 g6 3. Nc3 Bg7 4. e4 d6 5. Qd2 h6 6. f3 Nbd7 7. O-O-O a6 8. h4 b5 9. g4 b4 10. Nb1 a5 11. e5 Nd5 12. e6 1-0

[Event "Early-Titled-Tuesday-Blitz-September-12-2023"]
[Site "Chess.com"]
[Date "2023.09.12"]
[Round "6"]
[White "Artem_Sadovsky"]
[Black "GaiozNigalidze"]
[Result "0-1"]
[WhiteElo "2536"]
[BlackElo "2725"]
[TimeControl "180+1"]
[EndTime "9:04:15 PDT"]
[Termination "GaiozNigalidze won by checkmate"]

1. Nf3 Nf6 2. e3 d5 3. c4 dxc4 4. Bxc4 e6 5. O-O Be7 6. d4 O-O 7. Nc3 a6 8. a4 Bd7 9. Ne5 Bc6 10.
f4 Bd5 11. Qb3 Bxc4 12. Nxc4 Ra7 13. f5 exf5 14. Rxf5 Nc6 15. d5 Nb4 16. e4 Ng4 17. h3 Bc5+ 18. Kh1 Qh4 19. Bg5 Nf2+ 20. Kh2 Ng4+ 21.
Kh1 Nf2+ 22. Kg1 Nxh3+ 23. Kh2 Nxg5# 0-1

[Event "Early-Titled-Tuesday-Blitz-September-12-2023"]
[Site "Chess.com"]
[Date "2023.09.12"]
[Round "6"]
[White "Smiechu"]
[Black "Willychess95"]
[Result "1-0"]
[WhiteElo "2483"]
[BlackElo "2695"]
[TimeControl "180+1"]
[EndTime "9:04:16 PDT"]
[Termination "Smiechu won by resignation"]

1. e4 c5 2. Nf3 d6 3. d4 cxd4 4. Nxd4 Nf6 5. Nc3 g6 6. Be3 a6 7. f3 b5 8. Qd2 Bb7 9. h4 h5 10. O-O-O Nbd7 11. Kb1 Bg7 12. Bg5 Rc8 13. Nd5 Nxd5 14.
exd5 Nf6 15. g4 Bxd5 16. gxh5 Rxh5 17. Bh3 Rc5 18. Bg4 Nxg4 19. fxg4 Rxg5 20. hxg5 Bxh1 21.
Rxh1 Rd5 22. c3 Bxd4 23. cxd4 Qb6 24. Rh8+ Kd7 25. Qc3 Qc6 26. Rd8+ Kxd8 27. Qxc6 e6 28. Qxa6 Ke7 29. Qb6 Rxg5 30. Qc7+ Kf6 31. Qxd6 Rxg4 32. Qe5+ Ke7 33. Qxb5 Rxd4 34. Qc5+ Rd6 35.
a4 f5 36. a5 1-0

[Event "Early-Titled-Tuesday-Blitz-September-12-2023"]
[Site "Chess.com"]
[Date "2023.09.12"]
[Round "6"]
[White "kleopl"]
[Black "vedantgoswami"]
[Result "1-0"]
[WhiteElo "2514"]
[BlackElo "2327"]
[TimeControl "180+1"]
[EndTime "9:04:21 PDT"]
[Termination "kleopl won by resignation"]

1. e4 c6 2. Nc3 d5 3. Qe2 d4 4. Nd1 e5 5. d3 Bd6 6. g3 Ne7 7.
Bg2 c5 8. f4 Nbc6 9. Nf3 Qc7 10. f5 f6 11. O-O Bd7 12. b3 b5 13. a4 bxa4 14. Rxa4 Nb4 15. Ra1 a5 16. Nb2 Bb5 17. Na4 Nec6 18. Ne1 Na7 19. Qh5+ Ke7 20. Bd2 Nc8 21.
Bxb4 axb4 22. Qg4 Kf7 23. Qh5+ Ke7 24. Nf3 Bxa4 25. Rxa4 Rxa4 26. bxa4 Nb6 27. Ra1 c4 28. Nh4 cxd3 29. cxd3 Qc3 30. Rd1 Qc2 31. Bf3 b3 32. Ng6+ hxg6 33. Qxh8 Kd7 34. Qxg7+ Kc6 35. a5 Na4 36. a6 Nc5 37. a7 b2 38. a8=Q+ 1-0

[Event "Early-Titled-Tuesday-Blitz-September-12-2023"]
[Site "Chess.com"]
[Date "2023.09.12"]
[Round "6"]
[White "dropstoneDP"]
[Black "Durarbayli"]
[Result "1-0"]
[WhiteElo "3023"]
[BlackElo "2903"]
[TimeControl "180+1"]
[EndTime "9:04:22 PDT"]
[Termination "dropstoneDP won on time"]

1. e4 c5 2. Nf3 d6 3. d4 cxd4 4. Nxd4 Nf6 5. Nc3 Nc6 6. Bc4 e6 7. Be3 a6 8. Qe2 Qc7 9. O-O-O Na5 10. Bd3 b5 11. a3 Bb7 12. Rhe1 Rc8 13. Bg5 Be7 14. f4 O-O 15. Kb1 h6 16. Bxf6 Bxf6 17. e5 dxe5 18. fxe5 Be7 19. Qg4 Rfd8 20. Nxe6 fxe6 21.
Qxe6+ Kh8 22. Bf5 g6 23. Qxg6 Bf8 24. Bxc8 Rxc8 25. e6 Qe7 26. Rd7 1-0

[Event "Early-Titled-Tuesday-Blitz-September-12-2023"]
[Site "Chess.com"]
[Date "2023.09.12"]
[Round "6"]
[White "Aash20"]
[Black "Vision_64"]
[Result "0-1"]
[WhiteElo "2497"]
[BlackElo "2363"]
[TimeControl "180+1"]
[EndTime "9:04:23 PDT"]
[Termination "Vision_64 won by resignation"]

1. e4 e6 2. d4 d5 3. Nd2 c5 4.
exd5 exd5 5. Ngf3 Nc6 6. Bb5 Nf6 7. O-O Be7 8. dxc5 Bxc5 9. Nb3 Bd6 10. c3 O-O 11.
Bg5 Bg4 12. Bxf6 Qxf6 13. Qxd5 Bxf3 14. Qxf3 Qe5 15. Rfd1 Qxh2+ 16. Kf1 Qh1+ 17. Ke2 Rfe8+ 18. Kd2 Qh6+ 19. Kc2 Rac8 20. Rac1 Ne5 21. Qd5 Qg6+ 22. Bd3 Nxd3 23. Qxd3 Bf4 24. Qxg6 hxg6 25. Nd2 Re2 26. g3 Bg5 27. f4 Bf6 28. Kb1 Rg2 29. Rg1 Rxd2 0-1

[Event "Early-Titled-Tuesday-Blitz-September-12-2023"]
[Site "Chess.com"]
[Date "2023.09.12"]
[Round "6"]
[White "mmDarko"]
[Black "infinitegiantkiller"]
[Result "1-0"]
[WhiteElo "2245"]
[BlackElo "2482"]
[TimeControl "180+1"]
[EndTime "9:04:32 PDT"]
[Termination "mmDarko won by resignation"]

1. d4 Nf6 2. Nf3 g6 3. g3 Bg7 4. Bg2 d6 5. O-O O-O 6. c4 Nc6 7. Nc3 e5 8. d5 Ne7 9. e4 Ne8 10. Ne1 f5 11. Nd3 Nf6 12. f4 Nd7 13. Be3 a5 14.
Qd2 b6 15. Rae1 Ba6 16. b3 fxe4 17. Nxe4 Nf5 18. Ng5 Nxe3 19. Qxe3 exf4 20. Qe6+ Kh8 21. Nf7+ Rxf7 22. Qxf7 Ne5 23. Nxe5 dxe5 24. gxf4 Qe8 25. Qxc7 b5 26. d6 bxc4 27. Bxa8 cxb3 28. d7 Qxa8 29.
d8=Q+ 1-0

[Event "Early-Titled-Tuesday-Blitz-September-12-2023"]
[Site "Chess.com"]
[Date "2023.09.12"]
[Round "6"]
[White "Chessdreamer2020"]
[Black "farzadbfd"]
[Result "0-1"]
[WhiteElo "2535"]
[BlackElo "2700"]
[TimeControl "180+1"]
[EndTime "9:04:33 PDT"]
[Termination "farzadbfd won by resignation"]

1. e4 e5 2. Nf3 Nc6 3. Bc4 Bc5 4. c3 Nf6 5. d4 exd4 6. e5 d5 7. Be2 Ne4 8. cxd4 Bb4+ 9. Bd2 Nxd2 10. Nbxd2 O-O 11.
O-O Ne7 12. a3 Ba5 13. Nb3 Bb6 14. Rc1 Ng6 15. Re1 f6 16. Bd3 Nf4 17. Bf1 Bg4 18. h3 Bh5 19. g3 fxe5 20. gxf4 e4 21. Bg2 Qd6 22. Nc5 Rxf4 23. Nxe4 dxe4 24. Qb3+ Bf7 25. Qe3 exf3 26. Bxf3 Bxd4 27. Qe2 Rf8 28. Rf1 c5 29. b4 b6 30. bxc5 bxc5 31. Rcd1 Bb3 32. Rd3 Bc4 0-1